Map: Disco Bloodbath LE

Players

BlyOnFire (Bly)

  • Race: Zerg Zerg
  • League: Grandmaster
  • Spawn Location: 3:00

Retribution - Winner!

  • Race: Zerg Zerg
  • League: Master
  • Spawn Location: 9:00

Event: NationWars 2019

VOD

Have the link to the VOD?

Description

Time

  • Played on: Nov. 16, 2019, 2:03 p.m.
  • Length: 16:34
Show
View Real Time Build Order
Export as new Build Order

BlyOnFire Zerg 

Build Orders: Hatch First 

Get SALT Encoding   

  12  0:01  Drone  
  13  0:12  Overlord  
  13  0:17  Drone  
  14  0:30  Drone x2  
  16  0:47  Hatchery  
  15  0:51  Drone  
  15  0:54  Drone  
  17  0:57  Drone  
  18  1:08  Extractor  
  17  1:12  Spawning Pool  
  17  1:16  Drone  
  17  1:19  Drone  
  18  1:27  Drone  
  19  1:38  Drone  
  20  1:48  Overlord  
  20  1:59  Queen x2  
  20  2:01  Zergling x4  
  26  2:11  Drone x2, Metabolic Boost  
  28  2:21  Drone x2  
  30  2:34  Hatchery  
  30  2:35  Drone  
  30  2:39  Drone  
  30  2:43  Drone  
  32  2:48  Overlord  
  32  2:54  Baneling Nest  
  32  2:57  Drone x2  
  33  3:04  Queen  
  34  3:13  Zergling x8  
  34  3:15  Zergling x2  
  34  3:17  Drone  
  40  3:22  Drone  
  40  3:23  Drone x2  
  43  3:29  Evolution Chamber  
  43  3:30  Overlord  
  42  3:35  Zergling x2  
  42  3:37  Baneling x2  
  43  3:44  Drone  
  43  3:45  Overlord  
  44  3:50  Drone x4  
  44  3:51  Zergling x2  
  49  3:56  Zerg Missile Weapons Level 1  
  49  3:59  Drone x2  
  50  4:12  Drone  
  50  4:13  Drone x3  
  50  4:16  Drone x2  
  55  4:17  Baneling x2  
  55  4:18  Baneling x2  
  55  4:19  Drone x4  
  55  4:21  Extractor  
  55  4:22  Extractor  
  57  4:29  Drone x2  
  57  4:30  Drone x3  
  62  4:39  Baneling x2  
  62  4:45  Drone x3  
  64  4:46  Drone x2, Overlord  
  66  4:54  Overlord  
  66  4:55  Extractor  
  66  4:56  Overlord  
  66  4:57  Baneling  
  66  4:58  Roach Warren  
  64  5:02  Baneling  
  64  5:07  Drone x2  
  64  5:08  Lair  
  64  5:09  Drone x2  
  68  5:16  Drone x3  
  68  5:17  Drone x3  
  68  5:19  Drone x3  
  68  5:21  Overlord  
  77  5:23  Overlord  
  77  5:24  Overlord  
  74  5:36  Zergling x14  
  74  5:39  Extractor  
  74  5:41  Extractor  
  79  5:51  Overlord  
  79  6:03  Drone x2  
  79  6:04  Overlord  
  81  6:05  Spine Crawler  
  81  6:06  Glial Reconstitution  
  81  6:07  Zerg Missile Weapons Level 2  
  81  6:10  Overseer  
  79  6:15  Drone x3  
  79  6:16  Roach x8  
  98  6:21  Roach x4  
  98  6:25  Hatchery, Roach  
  104  6:26  Roach x2  
  104  6:32  Spine Crawler  
  107  6:34  Baneling x6  
  107  6:36  Roach x2  
  111  6:41  Roach x3  
  117  6:49  Roach  
  117  6:50  Roach x4  
  117  6:52  Roach  
  117  6:53  Drone  
  130  7:00  Roach x3  
  130  7:01  Roach x2  
  117  7:10  Roach x4  
  117  7:12  Roach  
  112  7:15  Roach  
  112  7:19  Roach  
  103  7:24  Roach  
  103  7:25  Roach x2  
  97  7:33  Roach x2  
  97  7:36  Roach  
  78  7:50  Roach x3  
  84  7:53  Queen  
  84  7:54  Queen  
  84  7:56  Roach x2  
  84  7:59  Roach  
  86  8:08  Roach x3  
  90  8:21  Roach x3  
  79  8:40  Spire  
  78  8:46  Overseer  
  78  8:49  Roach  
  78  8:50  Roach x7  
  78  8:51  Ravager  
  78  8:53  Ravager  
  78  8:54  Ravager  
  97  9:04  Drone x6  
  103  9:35  Roach x8  
  115  9:56  Overlord x3  
  115  10:18  Mutalisk x6  
  123  10:29  Mutalisk x4  
  129  10:36  Mutalisk x2  
  129  10:39  Mutalisk  
  135  11:02  Zerg Flyer Weapons Level 1  
  135  11:18  Mutalisk x2  
  135  11:19  Hatchery, Overlord  
  138  11:47  Mutalisk x5  
  102  12:11  Drone x12  
  110  12:21  Mutalisk x2  
  114  12:27  Mutalisk x2  
  118  12:30  Extractor  
  118  12:32  Extractor  
  116  12:40  Mutalisk x2  
  120  12:45  Overlord  
  120  12:49  Roach x4  
  126  12:55  Spine Crawler  
  126  12:56  Spine Crawler  
  120  13:07  Roach x7  
  122  13:17  Spore Crawler  
  122  13:18  Spore Crawler  
  115  13:33  Roach  
  115  13:34  Roach x3  
  107  13:43  Roach  
  107  13:44  Roach x2  
  111  13:53  Roach  
  111  13:54  Roach, Overlord  
  111  13:55  Overlord x3  
  102  14:10  Mutalisk  
  102  14:11  Mutalisk x3  
  102  14:15  Roach x4  
  91  14:25  Roach x3  
  89  14:38  Zergling x14  
  90  14:49  Roach Warren  
  90  14:51  Spore Crawler  
  90  14:52  Spore Crawler  
  84  15:15  Drone x2  
  76  15:33  Roach x2  
  71  15:50  Hatchery  
  71  15:56  Roach x2  
Show
View Real Time Build Order
Export as new Build Order

Retribution Zerg - Winner!

Build Orders: Hatch First 

Get SALT Encoding   

  12  0:00  Drone  
  13  0:12  Overlord  
  13  0:16  Drone  
  14  0:30  Drone x2  
  16  0:48  Hatchery  
  15  0:50  Drone  
  15  0:53  Drone  
  15  0:56  Drone  
  18  1:08  Extractor  
  17  1:12  Spawning Pool  
  17  1:15  Drone  
  18  1:18  Drone  
  18  1:27  Drone  
  19  1:39  Drone  
  20  1:49  Drone  
  21  1:59  Queen  
  21  2:00  Overlord, Queen  
  25  2:01  Zergling x2  
  25  2:08  Metabolic Boost  
  26  2:10  Drone  
  26  2:11  Drone  
  30  2:22  Drone x2  
  30  2:32  Hatchery  
  30  2:34  Zergling x2  
  30  2:39  Overlord  
  30  2:43  Zergling x2  
  31  2:47  Drone  
  31  2:51  Baneling Nest  
  31  2:54  Drone x2  
  33  3:05  Drone x2  
  35  3:07  Drone x2  
  35  3:10  Drone x2  
  37  3:13  Drone x2  
  39  3:20  Zergling x4  
  39  3:26  Evolution Chamber  
  40  3:27  Drone  
  40  3:30  Drone  
  42  3:38  Drone  
  43  3:41  Baneling x2  
  43  3:43  Zergling x2, Queen  
  43  3:46  Zergling x6  
  49  3:49  Drone  
  49  3:54  Zerg Missile Weapons Level 1  
  50  4:09  Overlord  
  50  4:12  Drone  
  50  4:15  Overlord  
  50  4:16  Overlord  
  50  4:20  Overlord  
  50  4:24  Lair  
  50  4:30  Roach Warren  
  50  4:31  Drone x9  
  58  4:33  Overlord  
  58  4:35  Drone, Extractor x2  
  57  4:43  Drone x3  
  57  4:45  Drone x3  
  63  4:48  Drone  
  63  4:49  Drone x2  
  66  4:53  Overlord  
  66  4:57  Extractor  
  66  4:59  Overlord  
  64  5:04  Drone x2  
  64  5:06  Drone  
  67  5:11  Drone  
  68  5:16  Extractor  
  67  5:22  Drone x2  
  67  5:23  Overlord x2  
  67  5:24  Roach x5  
  67  5:25  Glial Reconstitution  
  79  5:29  Roach x3  
  79  5:33  Drone x3  
  78  5:38  Roach  
  82  5:43  Roach  
  82  5:48  Roach x4  
  90  5:56  Drone, Overlord  
  90  5:57  Overlord  
  90  5:59  Roach, Nydus Network  
  90  6:02  Overlord  
  91  6:05  Roach x3  
  91  6:06  Overlord  
  91  6:10  Roach x2  
  101  6:13  Roach  
  101  6:16  Overlord  
  107  6:18  Roach x2  
  107  6:27  Roach x4  
  107  6:32  Roach  
  117  6:38  Nydus Canal  
  117  6:41  Roach x5  
  117  6:44  Roach  
  117  6:45  Roach  
  131  6:54  Roach x4  
  131  6:59  Roach x2  
  131  7:00  Roach  
  135  7:02  Roach  
  135  7:04  Roach  
  135  7:07  Roach  
  128  7:08  Roach  
  128  7:10  Roach  
  128  7:13  Roach  
  124  7:16  Roach  
  124  7:18  Roach  
  124  7:20  Roach  
  122  7:23  Roach  
  122  7:25  Roach  
  122  7:27  Roach  
  122  7:29  Roach  
  118  7:31  Roach  
  118  7:34  Zergling x2  
  118  7:35  Roach  
  107  7:39  Roach x3  
  107  7:41  Roach  
  107  7:43  Drone x5  
  112  7:46  Roach  
  108  7:52  Roach x2  
  108  7:54  Roach x3  
  108  7:57  Roach  
  108  8:00  Nydus Canal  
  108  8:03  Drone x2  
  108  8:09  Drone  
  108  8:11  Zerg Missile Weapons Level 2  
  108  8:12  Drone  
  110  8:15  Drone  
  110  8:16  Drone x2  
  110  8:17  Nydus Canal  
  112  8:22  Roach x4  
  112  8:26  Roach x2  
  116  8:29  Roach  
  116  8:32  Roach x2  
  116  8:33  Roach  
  112  8:39  Roach x3  
  112  8:42  Roach x2  
  112  8:46  Extractor  
  112  8:47  Roach x2  
  119  8:49  Roach x2  
  119  8:52  Roach  
  119  8:55  Roach  
  127  8:59  Roach x2  
  131  9:04  Roach  
  131  9:07  Roach  
  135  9:10  Roach x4  
  135  9:15  Roach x3  
  149  9:19  Roach x2  
  149  9:21  Nydus Canal  
  153  9:28  Overlord  
  153  9:32  Nydus Canal  
  153  9:42  Ravager  
  153  9:43  Hatchery  
  153  9:48  Spire  
  153  9:51  Nydus Canal  
  153  9:52  Roach x6  
  162  10:09  Overlord x2  
  162  10:14  Nydus Canal  
  162  10:18  Overlord  
  160  10:27  Overseer  
  156  10:28  Drone x12  
  156  10:29  Drone x2  
  168  10:44  Overlord  
  168  10:46  Overseer  
  168  10:52  Overlord x2  
  168  10:53  Extractor  
  168  10:56  Extractor  
  166  11:00  Corruptor x8  
  175  11:05  Corruptor  
  175  11:09  Corruptor  
  173  11:13  Spore Crawler, Corruptor  
  173  11:16  Corruptor  
  170  11:21  Spore Crawler  
  170  11:22  Corruptor  
  170  11:25  Corruptor  
  165  11:30  Corruptor  
  162  11:36  Drone x5  
  166  11:41  Corruptor  
  166  11:44  Spore Crawler  
  167  11:47  Corruptor  
  167  11:50  Roach  
  167  11:52  Roach  
  173  11:58  Roach x3  
  167  12:02  Roach x2  
  167  12:08  Roach x3  
  155  12:10  Roach  
  155  12:14  Roach x2  
  157  12:17  Roach x2  
  157  12:21  Roach x2  
  165  12:26  Roach x3  
  165  12:29  Roach  
  173  12:33  Roach x3  
  177  12:38  Roach x2  
  177  12:46  Roach x3  
  183  12:57  Roach x2  
  179  13:06  Roach x2  
  179  13:09  Corruptor  
  179  13:12  Corruptor x2  
  179  13:14  Drone x2  
  181  13:23  Roach  
  179  13:28  Roach x3  
  180  13:35  Roach x3  
  180  13:38  Roach x6  
  178  13:49  Roach x3  
  178  13:52  Roach  
  182  14:01  Roach x3  
  172  14:13  Roach x3  
  166  14:18  Roach  
  166  14:22  Roach  
  142  14:30  Roach x2  
  144  14:34  Spore Crawler, Drone  
  144  14:44  Corruptor  
  130  14:54  Roach x3  
  110  15:04  Roach x2  
  116  15:14  Spore Crawler, Roach  
  116  15:20  Roach  
  116  15:26  Roach  
  116  15:27  Roach  
  118  15:35  Roach  
  117  15:39  Roach x2  
  121  15:45  Roach  
  121  15:47  Roach  
  125  15:54  Roach  
  125  15:56  Roach  
  129  16:09  Roach x2  
  133  16:13  Roach  
Tags
 
Add a new tag
Caveats
  • Supply blocks, unpowered buildings, or Contaminate may cause inaccurate times.
  • Supply counts are checked every 10 seconds.